 Dungeon Crawl Stone Soup version 0.32-a0-468-g38b2580584 (webtiles) character file.

Game seed: 15163193090925037908

32 mopl the Insei (level 3, -6/23 HPs)
             Began as an Octopode Shapeshifter on Feb 24, 2024.
             Mangled by Terence
             ... wielding a +2 short sword of flaming
              (8 damage)
             ... on level 2 of the Dungeon.
             The game lasted 00:01:07 (641 turns).

mopl the Insei (Octopode Shapeshifter)               Turns: 641, Time: 00:01:07

Health: -6/23      AC:  1    Str: 13    XL:     3   Next: 25%
Magic:  3/3        EV: 13    Int: 12    God:
Gold:   116        SH:  0    Dex: 13    Spells: 2/2 levels left

rFire   . .          .
                       - Unarmed
rCold   . . .        (no shield)
rNeg    . . .        (helmet currently unavailable)
rPois   .            (no amulet)
rElec   .            (no ring)
rCorr   .            (no ring)
SInv    .            (no ring)
Will    .....        (no ring)
Stlth   ++           (no ring)
HPRegen 0.23/turn    (no ring)
MPRegen 0.08/turn    (no ring)
                     (no ring)

%: no passive effects
@: beast-form
A: beast (slay +1), almost no armour, amphibious, 8 rings, camouflage 1,
gelatinous body 1, (nimble swimmer 1), tentacles
a: Begin Untransformation


You were on level 2 of the Dungeon.
You were a hulking beast.
You visited 1 branch of the dungeon, and saw 2 of its levels.

You collected 116 gold pieces.

Inventory:

Missiles
 g - 5 atropa-tipped darts (quivered)
 l - 6 javelins
 o - a throwing net
Armour
 e - a +0 hat
 h - a +0 kite shield
Talismans
 b - a beast talisman (active)
 c - a flux talisman
Scrolls
 f - 2 scrolls of identify {unknown}
 i - a scroll of revelation {unknown}
 n - a scroll of immolation {unknown}
 q - a scroll of enchant armour {unknown}
Potions
 a - a potion of lignification {!q}
 d - a potion of haste {unknown}
 j - a potion of ambrosia {unknown}
 k - a potion of magic {unknown}
 m - a potion of invisibility {unknown}
 p - 2 potions of degeneration {unknown}
 r - a potion of might {unknown}


   Skills:
 + Level 1.3 Fighting
 + Level 2.3 Dodging
 * Level 3.4 Unarmed Combat
 * Level 3.4 Shapeshifting


You had 2 spell levels left.
You didn't know any spells.
Your spell library was empty.

Dungeon Overview and Level Annotations

Branches:
Dungeon (2/15)

Altars:

Annotations:
D:2 Terence


Innate Abilities, Weirdness & Mutations

You are a hulking beast.
Your limbs bulge with bestial killing power. (Slay +1)
You cannot wear most types of armour.
You are amphibious.
You can wear up to eight rings at the same time.
Your skin changes colour to match your surroundings (Stealth+).
Your rubbery body absorbs attacks. (AC +1, EV +1)
((You are camouflaged when in or above water. (Stealth+)))
You have tentacles for arms and can constrict up to eight enemies at once.


Message History

No target in view!
No target in view!
No target in view!
No target in view!
No target in view!
No target in view!
You see here a +0 dagger.
Terence is nearby!
You tentacle-slap Terence but do no damage.
Your grab misses Terence.
Terence hits you with a +2 short sword of flaming.
Terence burns you.
You closely miss Terence. You grab Terence.
You constrict Terence, but do no damage.
Terence hits you with a +2 short sword of flaming.
Terence burns you.
You are too injured to fight recklessly!
You are too injured to fight recklessly!
You are too injured to fight recklessly!
You are too injured to fight recklessly!
You are too injured to fight recklessly!
You are too injured to fight recklessly!
You are too injured to fight recklessly!
You are too injured to fight recklessly!
You tentacle-slap Terence but do no damage.
You constrict Terence.
Terence hits you with a +2 short sword of flaming.
* * * LOW HITPOINT WARNING * * *
Terence burns you.
* * * LOW HITPOINT WARNING * * *
Press: ? - help, v - describe, . - travel
Here: Terence, wielding a +2 short sword of flaming and wearing a +0 chain mail (lightly wounded, constricted by you)
The floor.
You release your grip on Terence.
Terence attacks as he pursues you! Terence closely misses you.
Terence attacks as he pursues you! Terence closely misses you.
Terence attacks as he pursues you!
Terence hits you with a +2 short sword of flaming!
You die...
Terence says, "That felt goooood."

#.....##.....
#.##.(....#
#.##.....##
#.#..)#....
#.#..##..#
#####.#..)...#
#..........###
#.###..@.#.....
#..h##.....
#.###.......#...
#..........##.##
###.#...#.... #
##.#..##.###.#
##........# # ..
......##.#####.#
..............~~~~#
~~~####.####~~~≈≈~#


You could see Terence.

Vanquished Creatures
  A dart slug (D:1)
  2 endoplasms (D:1)
  3 giant cockroaches (D:1)
  5 goblins
  3 hobgoblins
  2 kobolds (D:1)
  A quokka (D:1)
  2 ball pythons (D:1)
  3 bats (D:1)
  A frilled lizard (D:2)
  3 rats
26 creatures vanquished.

Notes
Turn   | Place    | Note
-------+----------+-------------------------------------------
     0 | D:1      | mopl the Octopode Shapeshifter began the quest for the Orb.
     0 | D:1      | Reached XP level 1. HP: 13/13 MP: 1/1
    87 | D:1      | Reached XP level 2. HP: 13/18 MP: 2/2
   330 | D:1      | Reached XP level 3. HP: 23/23 MP: 3/3
   629 | D:2      | Noticed Terence
   636 | D:2      | HP: 1/23 [Terence/+2 short sword of flaming (1)]
   641 | D:2      | Mangled by Terence

Illustrated notes

Levels and vault maps discovered:
D:1:      nzn_arrival_water_spiral, layout_rooms
D:2:      wander_river, layout_loops_ring, hangedman_decor_points,
          minmay_split_cup_small, uniq_crazy_yiuf_cottage, uniq_terence,
          uniq_jessica

Action                     || total
---------------------------++-------
  Melee: Unarmed           ||    50
         Constrict         ||    14
         Tentacles         ||     5
         Punch             ||     1
   Stab: Sleeping          ||     2
 Armour: Skin              ||    22
  Dodge: Dodged            ||    37

Table legend: (Time is in decaauts)
 A = Elapsed time spent in this place.
 B = Non-inter-level travel time spent in this place.
 C = Inter-level travel time spent in this place.
 D = Time resting spent in this place.
 E = Time spent auto-exploring this place.
 F = Levels seen in this place.
 G = Mean time per level.
                   A        B        C        D        E       F      G
               +--------+--------+--------+--------+--------+-----+--------+
         Total |    637 |    628 |      9 |     37 |    423 |   2 |  318.5 |
       Dungeon |    637 |    628 |      9 |     37 |    423 |   2 |  318.5 |
               +--------+--------+--------+--------+--------+-----+--------+

Top non-repeatable levels by time:
     D:1: 433 daAuts
     D:2: 204 daAuts
